 Dungeon Crawl Stone Soup version 0.21.1-1-g345015f (webtiles) character file.

50 tidbits the Grave Robber (level 3, 0/25 HPs)
             Began as a Gnoll Necromancer on June 14, 2018.
             Slain by an orc
             ... wielding a +0 mace
              (2 damage)
             ... on level 4 of the Dungeon.
             The game lasted 00:03:48 (355 turns).

tidbits the Grave Robber (Gnoll Necromancer)         Turns: 355, Time: 00:03:49

Health: 0/25       AC:  2    Str: 10    XL:     3   Next: 79%
Magic:  7/9        EV: 14    Int: 21    God:
Gold:   41         SH:  0    Dex: 15    Spells: 10/12 levels left

rFire    + . .     SeeInvis .   g - +0 short sword
rCold    + . .     Gourm    .   (no shield)
rNeg     . . .     Faith    .   a - +0 robe
rPois    .         Spirit   .   (no helmet)
rElec    .         Reflect  .   i - scarf {rC+ rF+}
rCorr    .         Harm     .   (no gloves)
MR       .....                  (no boots)
Stlth    +++.......             (no amulet)
HPRegen  0.08/turn              n - +3 ring of intelligence
MPRegen  0.11/turn              (no ring)

@: no status effects
A: distributed training, fangs 1, strong nose
a: no special abilities


You were on level 4 of the Dungeon.
You were not hungry.

You visited 1 branch of the dungeon, and saw 4 of its levels.

You collected 41 gold pieces.

Inventory:

Hand Weapons
 f - a +0 club
 g - a +0 short sword (weapon)
 l - a +0 dagger
Missiles
 h - 28 stones (quivered)
 j - 22 bolts
Armour
 a - a +0 robe (worn)
 i - a scarf of resistance (worn)
   (You found it on level 1 of the Dungeon)
Jewellery
 n - a +3 ring of intelligence (left hand)
   (You found it on level 3 of the Dungeon)
Wands
 o - a wand of enslavement (21)
 p - a wand of polymorph (18)
Scrolls
 d - a scroll of identify {unknown}
 e - 3 scrolls of remove curse {unknown}
 k - a scroll of enchant armour {unknown}
 m - a scroll of fear {unknown}
 q - a scroll of magic mapping {unknown}
Potions
 r - a potion of brilliance {unknown}
 s - a potion of lignification {unknown}
Books
 b - a book of Necromancy

   Spells                             Type                      Level
   a - Pain                           Necromancy                   1
   b - Animate Skeleton               Necromancy                   1
   c - Vampiric Draining              Necromancy                   3
   d - Regeneration                   Charms/Necromancy            3
   e - Animate Dead                   Necromancy                   4
   f - Borgnjor's Vile Clutch         Necromancy/Earth             5
Comestibles
 c - 3 rations


   Skills:
 + Level 0.9 Fighting
 + Level 0.9 Short Blades
 + Level 0.9 Long Blades
 + Level 0.9 Axes
 + Level 0.9 Maces & Flails
 + Level 0.9 Polearms
 + Level 0.9 Staves
 + Level 0.9 Slings
 + Level 0.9 Bows
 + Level 0.9 Crossbows
 + Level 0.9 Throwing
 + Level 0.9 Armour
 + Level 4.5 Dodging
 + Level 4.2 Stealth
 + Level 0.9 Shields
 + Level 0.9 Unarmed Combat
 + Level 5.0 Spellcasting
 + Level 0.6 Conjurations
 + Level 0.6 Hexes
 + Level 0.6 Charms
 + Level 0.6 Summonings
 + Level 7.1 Necromancy
 + Level 0.6 Translocations
 + Level 0.6 Transmutations
 + Level 0.6 Fire Magic
 + Level 0.6 Ice Magic
 + Level 0.6 Air Magic
 + Level 0.6 Earth Magic
 + Level 0.6 Poison Magic
 + Level 1.0 Invocations
 + Level 0.9 Evocations


You had 10 spell levels left.
You knew the following spells:

 Your Spells              Type           Power        Failure   Level  Hunger
a - Pain                  Necr           ####         1%          1    None
n - Animate Skeleton      Necr           N/A          1%          1    None


Dungeon Overview and Level Annotations

Branches:
Dungeon (4/15)             Temple (0/1) D:4

Altars:

Annotations:
D:2 Sigmund, Terence
D:3 inc's ghost, amateur OpFi


Innate Abilities, Weirdness & Mutations

Your experience applies equally to all skills.
You have very sharp teeth.
Your uncanny sense of smell can sniff out nearby items.


Message History

Your base attributes are Str 10, Int 17, Dex 15.
Increase (S)trength, (I)ntelligence, or (D)exterity?
You feel clever.
Casting: Pain
Confirm with . or Enter, or press ? or * to list all spells.
Aiming: Pain
Press: ? - help, Shift-Dir - straight line, f - goblin
Aim: a goblin, wielding a dagger (chance to defeat MR: 93%)
The goblin writhes in agony!
You kill the goblin!
A goblin comes into view. It is wielding a club.
The goblin shouts!
You see here a dagger.
Casting: Pain
Confirm with . or Enter, or press ? or * to list all spells.
Aiming: Pain
Press: ? - help, Shift-Dir - straight line, f - goblin
Aim: a goblin, wielding a club (chance to defeat MR: 93%)
The goblin writhes in agony!
You kill the goblin!
Your Spellcasting skill increases to level 5!
A rat comes into view.
There is a stone staircase leading down here.
You see here a wand of polymorph (18).
p - a wand of polymorph (18)
Casting: Pain
Confirm with . or Enter, or press ? or * to list all spells.
Aiming: Pain
Press: ? - help, Shift-Dir - straight line, f - rat
Aim: a rat (chance to defeat MR: 93%)
The rat writhes in agony!
You kill the rat!
Things that are here:
a club; a goblin corpse
Found 6 gold pieces.
Found a golden potion.
Found a scroll labeled GAL FEISYGULILUN.
Found 13 gold pieces.
You see here a scroll labeled GAL FEISYGULILUN.
q - a scroll labeled GAL FEISYGULILUN You see here a golden potion.
r - a golden potion You see here 13 gold pieces.
You now have 41 gold pieces (gained 13).
There is a stone staircase leading down here.
You climb downwards.
Level annotation: inc's ghost, amateur OpFi
There is a stone staircase leading up here.
Unknown command.
Found 16 arrows.
Found a stone staircase leading down.
It was a potion of curing.
You feel better.
Okay, then.
Inc's ghost hits you!
* * * LOW HITPOINT WARNING * * *
Found a stone staircase leading down.
Found 21 sling bullets.
There is a stone staircase leading down here.
You climb downwards.
Found an amethyst potion and a scroll labeled QUELOU YGUUC.
There is a stone staircase leading up here.
Unknown command.
You see here a scroll labeled QUELOU YGUUC.
d - a scroll labeled QUELOU YGUUC You see here an amethyst potion.
s - an amethyst potion
Found a ration.
Found a staircase to the Ecumenical Temple.
A worker ant comes into view.
The worker ant twitches its antennae in your direction.
An orc comes into view. It is wielding a club.
You see here a ration.
c - 3 rations (gained 1)
Casting: Pain
Confirm with . or Enter, or press ? or * to list all spells.
Aiming: Pain
Press: ? - help, Shift-Dir - straight line, f - worker ant
Aim: a worker ant (chance to defeat MR: 89%)
The worker ant writhes in agony!
Casting: Pain
Confirm with . or Enter, or press ? or * to list all spells.
Aiming: Pain
Press: ? - help, Shift-Dir - straight line, f/p - worker ant
Aim: a worker ant (heavily wounded, chance to defeat MR: 89%)
The worker ant writhes in agony!
The worker ant bites you.
* * * LOW HITPOINT WARNING * * *
Casting: Pain
Confirm with . or Enter, or press ? or * to list all spells.
Aiming: Pain
Press: ? - help, Shift-Dir - straight line, f/p - worker ant
Aim: a worker ant (almost dead, chance to defeat MR: 89%)
The worker ant writhes in agony!
You kill the worker ant!
Your Invocations skill increases to level 1!
An orc comes into view. It is wielding a mace.
The orc shouts!
An orc comes into view. It is wielding a whip.
The orc hits you but does no damage.
The orc moves out of view.
The orc hits you with a mace.
You die...

... .. ....
#.## ...#
#.... ....#
#....# #....#
#...#.#.#...
#..#.#.#.#..
#...#.@o#..
#..#.#.#.#∆
#...#.#.#..o∆
#...#.#.....
#..........#.
##.#####...#
###.### ####
#.....#
#.###.#


You could see an orc.

Vanquished Creatures
  A worker ant (D:4)
  A worm (D:2)
  A dart slug (D:1)
  2 leopard geckos
  A ball python (D:2)
  A giant cockroach (D:1)
  4 goblins
  2 hobgoblins
  2 kobolds (D:1)
  A bat (D:1)
  2 frilled lizards (D:2)
  2 rats (D:2)
20 creatures vanquished.

Notes
Turn   | Place    | Note
-------+----------+-------------------------------------------
     0 | D:1      | tidbits the Gnoll Necromancer began the quest for the Orb.
     0 | D:1      | Reached XP level 1. HP: 13/13 MP: 6/6
    83 | D:1      | Reached XP level 2. HP: 12/19 MP: 2/7
    86 | D:1      | Learned a level 1 spell: Animate Skeleton
    96 | D:2      | Found a faded altar of an unknown god.
    96 | D:2      | Noticed Terence
   179 | D:2      | Noticed Sigmund
   245 | D:3      | Noticed inc's ghost (amateur OpFi)
   258 | D:2      | Reached XP level 3. HP: 4/25 MP: 5/9
   261 | D:2      | Reached skill level 5 in Spellcasting
   341 | D:4      | Found a staircase to the Ecumenical Temple.
   349 | D:4      | Reached skill level 1 in Invocations
   355 | D:4      | Slain by an orc

Skill      XL: |  1  2  3 |
---------------+----------+-----
Spellcasting   | 5 |  5.0
Invocations    | 1 |  1.0
Fighting       | |  0.9
Short Blades   | |  0.9
Long Blades    | |  0.9
Axes           | |  0.9
Maces & Flails | |  0.9
Polearms       | |  0.9
Staves         | |  0.9
Slings         | |  0.9
Bows           | |  0.9
Crossbows      | |  0.9
Throwing       | |  0.9
Armour         | |  0.9
Dodging        | |  4.5
Stealth        | |  4.2
Shields        | |  0.9
Unarmed Combat | |  0.9
Conjurations   | |  0.6
Hexes          | |  0.6
Charms         | |  0.6
Summonings     | |  0.6
Necromancy     | |  7.1
Translocations | |  0.6
Transmutations | |  0.6
Fire Magic     | |  0.6
Ice Magic      | |  0.6
Air Magic      | |  0.6
Earth Magic    | |  0.6
Poison Magic   | |  0.6
Evocations     | |  0.9

Action                   || total
-------------------------++-------
 Cast: Pain              ||    30
  Use: Potion            ||     1
Armor: Robe              ||     1
Dodge: Dodged            ||     7

Table legend:
 A = Turns spent in this place as a percentage of turns spent in the entire game.
 B = Non-inter-level travel turns spent in this place as a percentage of non-inter-level travel turns spent in the entire game.
 C = Inter-level travel turns spent in this place as a percentage of turns spent in this place.
 D = Turns resting spent in this place as a percentage of non-inter-level travel turns spent in this place.
 E = Turns spent auto-exploring this place as a percentage of non-inter-level travel turns spent in this place.
 F = Non-inter-level travel turns spent in this place divided by the number of levels of this place that you've seen.
                   A       B       C       D       E      F
               +-------+-------+-------+-------+-------+----------------------
         Total | 100.0 | 100.0 |   0.0 |   0.0 |   0.0 |  88.8
       Dungeon | 100.0 | 100.0 |   0.0 |   0.0 |   0.0 |  88.8
               +-------+-------+-------+-------+-------+----------------------

Table legend:
 A = Kills in this place as a percentage of kills in entire the game.
 B = Kills by you in this place as a percentage of kills by you in the entire game.
 C = Kills by friends in this place as a percentage of kills by friends in the entire game.
 D = Other kills in this place as a percentage of other kills in the entire game.
 E = Experience gained in this place as a percentage of experience gained in the entire game.
 F = Experience gained in this place divided by the number of levels of this place that you have seen.
                   A       B       C       D       E      F
               +-------+-------+-------+-------+-------+----------------------
         Total | 100.0 | 100.0 |   N/A |   N/A | 100.0 |  18.0
       Dungeon | 100.0 | 100.0 |   N/A |   N/A | 100.0 |  18.0
               +-------+-------+-------+-------+-------+----------------------

Vault maps used:
D:1:      minmay_arrival_five_plusses, serial_park_tiny_1, minivault_25
D:2:      first_ration, chequers_ecumenical_altar_simple_redux, uniq_terence,
          uniq_sigmund
D:3:      nicolae_overflow_crystal_walls, bloody_makhleb
D:4:      cheibriados_altar_1, minmay_temple_entry_grid, vehumet_altar_wand_db,
          uniq_duvessa
